 Dungeon Crawl Stone Soup version 0.24.1-14-gf8d2b509d9 (webtiles) character file.

Game seed: 8883782714544000935, levelgen mode: deterministic

30 KlarStein the Skirmisher (level 3, -1/29 HPs)
             Began as a Demonspawn Fighter on July 11, 2020.
             Asphyxiated
             ... on level 3 of the Dungeon.
             The game lasted 00:05:20 (1322 turns).

KlarStein the Skirmisher (Demonspawn Fighter)       Turns: 1322, Time: 00:05:20

Health: -1/29      AC:  8    Str: 17    XL:     3   Next: 5%
Magic:  3/3        EV:  7    Int:  9    God:
Gold:   81         SH:  9    Dex: 12    Spells: 2/2 levels left

rFire    . . .     SeeInvis .   a - +0 long sword
rCold    + . .     Gourm    .   c - +0 shield
rNeg     . . .     Faith    .   k - +2 scale mail {rPois}
rPois    +         Spirit   .   (no helmet)
rElec    .         Reflect  .   (no cloak)
rCorr    .         Harm     .   (no gloves)
MR       .....                  (no boots)
Stlth    ..........             (no amulet)
HPRegen  0.09/turn              (no ring)
MPRegen  0.08/turn              (no ring)

@: lethally poisoned (-1 -> -39), slowed, very slow
A: cold resistance 1
a: no special abilities


You were on level 3 of the Dungeon.
You were not hungry.

You visited 1 branch of the dungeon, and saw 3 of its levels.

You collected 81 gold pieces.

Inventory:

Hand Weapons
 a - a +0 long sword (weapon)
Armour
 c - a +0 shield (worn)
 k - a +2 scale mail of poison resistance (worn)
Jewellery
 p - an uncursed ring of stealth {unknown}
Scrolls
 h - 2 scrolls of teleportation {unknown}
 m - 2 scrolls of amnesia {unknown}
 n - 2 scrolls of fog {unknown}
 o - a scroll of remove curse {unknown}
 q - a scroll of fear {unknown}
Potions
 b - a potion of magic {unknown}
 d - a potion of might
 e - a potion of invisibility {unknown}
 i - 3 potions of agility {unknown}
 j - a potion of haste {unknown}
Comestibles
 f - 7 rations


   Skills:
 + Level 3.2 Fighting
 * Level 2.4 Long Blades
 + Level 3.0 Armour
 + Level 2.9 Shields


You had 2 spell levels left.
You didn't know any spells.
Your spell library was empty.

Dungeon Overview and Level Annotations

Branches:
Dungeon (3/15)

Altars:
Trog
Zin

Annotations:
D:2 Jessica, Terence
D:3 Sigmund


Innate Abilities, Weirdness & Mutations

Your flesh is cold resistant. (rC+)


Message History

You see here a curare-tipped dart.
You hit the giant cockroach.
You kill the giant cockroach!
Your Armour skill increases to level 3!
You feel sick.
Sigmund the Dreaded comes into view.
He is wielding a +0 scythe.
A goblin comes into view. It is wielding a +0 dagger.
Sigmund casts a spell at you. You resist with significant effort.
The kobold throws a curare-tipped dart.
The curare-tipped dart hits you.
You are lethally poisoned!
You have difficulty breathing.
You feel as though you will be slow longer.
The goblin shouts!
* * * LOW HITPOINT WARNING * * *
You feel very sick.
The kobold throws a curare-tipped dart.
The curare-tipped dart hits you.
You are more poisoned.
You have difficulty breathing.
You die...

#... ##....
.g... # ##...
.#
.K.@#####.###
#...........
#..<........
#...@.......
#...(.......
#..<†...?...
#...########
#...# #...#
#...# #####


You could see Sigmund, a goblin and a kobold.

Vanquished Creatures
  2 worms (D:2)
  A leopard gecko (D:1)
  2 bats
  A giant cockroach (D:3)
  2 hobgoblins (D:1)
  5 jackals
  A quokka (D:2)
  3 frilled lizards (D:1)
  3 goblins
  2 rats (D:2)
22 creatures vanquished.

Notes
Turn   | Place    | Note
-------+----------+-------------------------------------------
     0 | D:1      | KlarStein the Demonspawn Fighter began the quest for the
                  | Orb.
     0 | D:1      | Reached XP level 1. HP: 18/18 MP: 1/1
   564 | D:1      | Gained mutation: Your flesh is cold resistant. (rC+)
                  | [demonic ancestry]
   564 | D:1      | Reached XP level 2. HP: 24/24 MP: 2/2
   806 | D:2      | Found a glowing silver altar of Zin.
   818 | D:2      | Noticed Terence
   923 | D:2      | Found a bloodstained altar of Trog.
  1245 | D:2      | Noticed Jessica
  1319 | D:3      | Reached XP level 3. HP: 25/29 MP: 3/3
  1321 | D:3      | Noticed Sigmund
  1322 | D:3      | Asphyxiated

Levels and vault maps discovered:
D:1:      psy_arrival_radial02, layout_basic, serial_forest,
          infiniplex_forest_clump_long, infiniplex_forest_end_1,
          infiniplex_forest_straight_5, infiniplex_forest_straight_5,
          infiniplex_forest_clump_tiny, infiniplex_forest_clump_small
D:2:      layout_rooms, overflow_temple_1_default, old_standard_altar,
          roderic_serpentine_path, uniq_jessica, uniq_terence
D:3:      layout_rooms, marbit_many_paths, minmay_vboxes, uniq_sigmund

Skill      XL: |  1  2  3 |
---------------+----------+-----
Long Blades    | 2 |  2.4
Armour         | 3 |  3.0
Fighting       | |  3.2
Shields        | |  2.9

Action                   || total
-------------------------++-------
Melee: Long sword        ||    65
  Use: Scroll            ||     1
  Eat: Chunk             ||     1
Armor: Scale mail        ||    45
Dodge: Dodged            ||    40
Block: Shield            ||    38
       Rpst.: Long sword ||    13
